AoeStats
← SlowHandsManu

Black Forest

507581187Analyzed
4v4 RM · 13d ago on Sep 18, 2026· 42m 6s· 8 players
Game mode
Random Map
Map size
Large (8 player)
Population
200
Speed
Normal
Resources
Standard
Victory
Conquest
Starting age
Dark Age
Ending age
Imperial Age
RankedLock teamsTeams togetherTeam positionsShared explorationLock speedFull tech treeHidden civsTurbo modeCheats
Victory
Defeat
🇺🇸 Japanese · United States
1785
+8
🇬🇧 Tupi · United Kingdom
1771
+9
🇷🇺 Romans · Russia
1753
+9
🇲🇽 Mongols · Mexico
1733
+11
🇺🇸 Georgians · United States
1788
-15
🇩🇪 Bohemians · Germany
1624
-10
🇺🇸 Hindustanis · United States
1554
-8
🇩🇪 Teutons · Germany
1425
-4
Fresh To Death
10:57 Feudal Age
12:04 Double-Bit Axe
14:32 Castle Age
15:27 Bow Saw
17:18 Horse Collar
21:24 Wheelbarrow
21:10 Fishing Lines
22:16 Gillnets
22:39 Loom
23:22 Gold Mining
27:26 Imperial Age
25:24 Heavy Plow
25:45 Scale Barding Armor
26:17 Hand Cart
25:55 Stone Mining
26:34 Caravan
26:29 Town Watch
27:08 Chain Barding Armor
28:26 Conscription
28:43 Plate Barding Armor
28:54 Gold Shaft Mining
29:50 Bloodlines
29:40 Husbandry
30:02 Forging
30:30 Plate Barding Armor
31:03 Comitatenses
31:24 Iron Casting
30:49 Elite Centurion
33:05 Blast Furnace
33:18 Masonry
34:26 Coinage
34:08 Guilds
34:31 Coinage
36:32 Crop Rotation
36:05 Scale Mail Armor
35:57 Fletching
38:09 Siege Engineers
40:02 Banking
40:12 Architecture
40:03 Ballistics
39:39 Bodkin Arrow
40:00 Chain Mail Armor
Torpedo
12:47 Feudal Age
14:35 Double-Bit Axe
17:00 Castle Age
15:25 Fishing Lines
16:44 Fletching
16:46 Gold Mining
17:49 Bodkin Arrow
17:42 Loom
18:09 Bow Saw
18:48 Padded Archer Armor
22:22 Ballistics
23:02 Wheelbarrow
22:19 Stone Mining
25:38 Town Watch
26:35 Leather Archer Armor
29:27 Horse Collar
30:22 Gold Shaft Mining
30:48 Hand Cart
35:54 Imperial Age
35:25 Heavy Plow
35:20 Gillnets
35:28 Champi Runner
36:08 Squires
36:05 Arson
36:31 Caciques
36:13 Champi Warrior
36:20 Elite Ibirapema Warrior
37:01 Scale Mail Armor
37:11 Forging
37:23 Conscription
38:09 Two-Man Saw
37:21 Elite Champi Warrior
38:18 Chain Mail Armor
39:57 Plate Mail Armor
40:02 Iron Casting
39:34 Caravan
42:02 Capped Ram
E@GLE
0:40 Loom
11:00 Feudal Age
11:39 Double-Bit Axe
17:58 Castle Age
17:37 Fishing Lines
18:17 Town Watch
18:48 Gold Mining
19:11 Bow Saw
22:14 Wheelbarrow
23:05 Horse Collar
24:03 Heavy Plow
23:55 Stone Mining
24:26 Hand Cart
26:46 Gillnets
32:00 Imperial Age
30:13 Fletching
30:33 Guard Tower
31:03 Ballistics
30:54 Masonry
31:02 Bodkin Arrow
32:57 Ballistics
32:33 Murder Holes
32:44 Bracer
32:49 Husbandry
33:00 Bloodlines
33:53 Chemistry
33:24 Conscription
33:11 Yasama
33:51 Thumb Ring
35:04 Parthian Tactics
34:51 Siege Engineers
35:25 Keep
34:36 Arrowslits
34:33 Treadmill Crane
34:59 Padded Archer Armor
35:35 Caravan
35:22 Elite Skirmisher
37:10 Leather Archer Armor
37:14 Yasama
37:50 Hoardings
37:36 Kataparuto
37:31 Siege Engineers
38:49 Ring Archer Armor
41:26 Two-Man Saw
40:06 Heavy Cavalry Archer
MztK | SpAwN
0:33 Loom
11:21 Feudal Age
12:40 Double-Bit Axe
13:56 Horse Collar
16:36 Castle Age
18:03 Bow Saw
18:51 Wheelbarrow
20:30 Hand Cart
26:41 Heavy Plow
26:40 Gold Mining
26:43 Stone Mining
29:26 Imperial Age
27:14 Fletching
27:25 Padded Archer Armor
27:46 Ballistics
27:58 Bodkin Arrow
29:09 Stone Shaft Mining
29:12 Gold Shaft Mining
29:45 Elite Mangudai
30:30 Bracer
30:48 Leather Archer Armor
32:41 Drill
32:30 Husbandry
32:40 Bloodlines
32:57 Parthian Tactics
34:01 Chemistry
32:23 Onager
34:22 Thumb Ring
35:30 Siege Onager
36:36 Capped Ram
38:05 Siege Engineers
37:51 Siege Ram
Jenius
2:41 Loom
13:34 Feudal Age
15:12 Double-Bit Axe
17:35 Castle Age
15:23 Horse Collar
18:39 Bow Saw
18:30 Heavy Plow
25:02 Wheelbarrow
24:58 Fishing Lines
27:23 Town Watch
27:54 Hand Cart
28:27 Stone Mining
28:28 Gold Mining
29:01 Town Patrol
33:09 Imperial Age
30:33 Guard Tower
30:34 Fletching
31:57 Stone Shaft Mining
31:44 Fortified Wall
31:31 Bodkin Arrow
31:22 Treadmill Crane
33:05 Svan Towers
33:12 Masonry
33:23 Ballistics
33:09 Caravan
34:04 Bracer
34:36 Architecture
35:34 Keep
34:45 Arrowslits
36:01 Chemistry
35:23 Conscription
38:32 Onager
39:30 Murder Holes
39:40 Siege Engineers
40:22 Siege Onager
DoubleZX
10:57 Feudal Age
14:36 Castle Age
12:53 Double-Bit Axe
13:22 Fishing Lines
16:35 Wheelbarrow
20:14 Fervor
21:53 Horse Collar
24:35 Gillnets
25:07 Loom
28:17 Imperial Age
25:34 Town Watch
26:19 Sanctity
27:49 Chemistry
27:07 Hand Cart
27:01 Heavy Plow
28:17 Fletching
28:38 Houfnice
29:53 Scale Mail Armor
30:03 Forging
29:45 Pikeman
32:25 Halberdier
33:55 Squires
34:17 Siege Engineers
37:58 Ballistics
37:51 Masonry
37:55 Bow Saw
38:51 Chain Mail Armor
38:53 Bodkin Arrow
38:40 Treadmill Crane
40:21 Plate Mail Armor
Rabe3000
3:23 Loom
12:16 Feudal Age
16:26 Castle Age
14:41 Double-Bit Axe
18:03 Bow Saw
18:37 Wheelbarrow
18:22 Horse Collar
19:13 Gold Mining
28:31 Imperial Age
27:55 Gold Shaft Mining
28:29 Padded Archer Armor
30:15 Chemistry
29:21 Siege Engineers
30:23 Leather Archer Armor
30:39 Hand Cart
30:28 Heavy Plow
31:48 Two-Man Saw
31:37 Ring Archer Armor
33:35 Stone Mining
34:09 Ballistics
34:58 Caravan
37:31 Shatagni
39:44 Fletching
40:14 Town Watch
40:27 Bodkin Arrow
SlowHandsManu
0:41 Loom
13:36 Feudal Age
15:07 Feudal Age
18:41 Castle Age
17:29 Double-Bit Axe
20:50 Fletching
32:50 Horse Collar
40:02 Bow Saw
Connection lost

Rejoining the realm…

Still unreachable

The connection could not be restored.

Session expired

The server has moved on; the page needs a fresh start.